 Dungeon Crawl Stone Soup version 0.19.5 (webtiles) character file.

1964 NTAmi the Chiller (level 9, -14/68 HPs)
             Began as a Yellow Draconian Ice Elementalist on Mar 6, 2017.
             Was a Believer of Sif Muna.
             Demolished by a cyan ugly thing (15 damage)
             ... on level 6 of the Dungeon.
             The game lasted 01:07:03 (5533 turns).

NTAmi the Chiller (DrIE)                            Turns: 5533, Time: 01:07:03

Health: -14/68     AC: 17    Str: 10 (11) XL:     9   Next: 0%
Magic:  16/16      EV: 19    Int: 14 (17) God:    Sif Muna [**....]
Gold:   261        SH:  0    Dex: 16 (18) Spells: 6 memorised, 4 levels left

rFire  . . .     SeeInvis .     z - +2 falchion (slice)
rCold  + . .     Gourm    .     (armour unavailable)
rNeg   . . .     Faith    .     (no shield)
rPois  .         Spirit   .     (helmet restricted)
rElec  .         Reflect  .     h - +0 cloak
rCorr  +         Harm     .     H - +2 pair of gloves
MR     .....                    (no boots)
Stlth  +++.......               (no amulet)
                                C - ring of protection from cold
                                k - ring of wizardry

@: agile, icy armour, slow
A: spit acid, acid resistance, unfitting armour, cold-blooded, AC +7
a: Spit Acid, Divine Energy, Renounce Religion


You were on level 6 of the Dungeon.
You worshipped Sif Muna.
Sif Muna was pleased with you.
You were not hungry.

You visited 1 branch of the dungeon, and saw 7 of its levels.
You also visited: Ossuary.

You collected 261 gold pieces.

Inventory:

Hand Weapons
 c - a +0 dagger
 d - a +0 short sword
 e - a +0 shortbow
 l - a +4 whip
 z - a +2 falchion of slicing (weapon)
 A - a +0 hunting sling
 D - a +0 rapier
 E - a +1 dagger of speed
 K - a +0 dagger
 P - a +0 long sword
 R - a +1 mace of protection
 U - a +0 rapier
Missiles
 f - 207 stones
 j - 21 sling bullets
 t - 5 tomahawks (quivered)
 v - 106 arrows
 B - 2 steel tomahawks
 J - 5 javelins
 N - a throwing net
Armour
 h - a +0 cloak (worn)
 H - a +2 pair of gloves (worn)
 L - a +0 buckler
Jewellery
 k - a ring of wizardry (left hand)
 C - a ring of protection from cold (right hand)
Scrolls
 m - 2 scrolls of teleportation
 r - a scroll of enchant weapon
 s - a scroll of amnesia
 u - 2 scrolls of blinking {unknown}
 y - a scroll of fog {unknown}
 F - a scroll of remove curse
 G - a scroll of immolation {unknown}
 M - 2 scrolls of random uselessness
 V - a scroll of enchant armour {unknown}
Potions
 g - a potion of curing
 i - a potion of agility
 n - a potion of lignification
 o - 2 potions of brilliance
 p - 2 potions of might
 w - 3 potions of resistance
 I - a potion of degeneration
 O - 2 potions of invisibility
 T - 2 potions of flight
Books
 a - a book of Frost

   Spells                             Type                      Level
   a - Freeze                         Ice                          1
   b - Throw Frost                    Conjuration/Ice              2
   c - Ozocubu's Armour               Charms/Ice                   3
   d - Throw Icicle                   Conjuration/Ice              4
   e - Summon Ice Beast               Ice/Summoning                4
 Q - a book of Minor Magic

   Spells                             Type                      Level
   a - Magic Dart                     Conjuration                  1
   b - Blink                          Translocation                2
   c - Call Imp                       Summoning                    2
   d - Repel Missiles                 Charms/Air                   2
   e - Slow                           Hexes                        2
   f - Conjure Flame                  Conjuration/Fire             3
   g - Mephitic Cloud                 Conjuration/Poison/Air       3
Comestibles
 b - 3 bread rations
 x - a meat ration
 S - 7 chunks of flesh


   Skills:
 * Level 2.5 Fighting
 + Level 1.6(2.1) Short Blades
 + Level 2.1(2.4) Long Blades
 + Level 1.6 Maces & Flails
 + Level 2.1(2.5) Slings
 + Level 2.1(2.6) Throwing
 + Level 4.0 Dodging
 + Level 3.0 Stealth
 + Level 3.0 Unarmed Combat
 + Level 4.8 Spellcasting
 + Level 3.0 Conjurations
 + Level 1.4 Charms
 + Level 5.4 Ice Magic
 * Level 3.0 Invocations


You had 4 spell levels left.
You knew the following spells:

 Your Spells              Type           Power        Failure   Level  Hunger
a - Freeze                Ice            ###.         1%          1    None
b - Throw Frost           Conj/Ice       ###...       2%          2    ##.....
c - Ozocubu's Armour      Chrm/Ice       ##......     6%          3    ###....
d - Blink                 Tloc           N/A          12%         2    ##.....
e - Conjure Flame         Conj/Fire      #.......     12%         3    ###....
f - Call Imp              Summ           #.......     12%         2    ##.....


Dungeon Overview and Level Annotations

Branches:
Dungeon (7/15)
 Temple: D:4-7

Altars:
Elyvilon
Fedhas
Makhleb
Ru
Sif Muna
Uskayaw
Vehumet
Zin
The Shining One

Shops:
D:5 =


Innate Abilities, Weirdness & Mutations

You can spit globs of acid.
You are resistant to acid.
Your golden yellow scales are hard. (AC +7)
You cannot fit into any form of body armour.
You are cold-blooded and may be slowed by cold attacks.


Message History

You feel weakened.
You feel dopey.
You feel clumsy.
The cyan ugly thing completely misses you.
You riposte.
You hit the cyan ugly thing.
Your tail-slap misses the cyan ugly thing.
The cyan ugly thing is heavily wounded.
It was a potion of ambrosia.
You are confused.
You feel invigorated. The cyan ugly thing tail-slaps you.
* * * LOW HITPOINT WARNING * * *
The cyan ugly thing shocks you!
* * * LOW HITPOINT WARNING * * *
You feel better.
You feel less invigorated. The cyan ugly thing tail-slaps you.
* * * LOW HITPOINT WARNING * * *
The cyan ugly thing shocks you!
* * * LOW HITPOINT WARNING * * *
You feel better. The cyan ugly thing closely misses you.
The cyan ugly thing tail-slaps you!
* * * LOW HITPOINT WARNING * * *
The cyan ugly thing shocks you!
You die...

######### #.# #.#
#.# #.# ######.##
##########........
#......>.....##.##
#u#####.##.#.#...#
#@##...... #......
#.##.##.####.#...#
#.##.##......##.##
#.......#### #.#
###...### #.#
#...# ##'## ###.#
##...# #.# ##.....
##.## ##......


You could see a cyan ugly thing.

Vanquished Creatures
  Grinder (D:3)
  Prince Ribbit (D:5)
  Duvessa (D:5)
  An ice beast (D:4)
  An orc warrior (D:5)
  An ogre (D:5)
  A centaur (D:5)
  An elf zombie (D:5)
  A bullfrog (D:6)
  Dowan (D:5)
  2 scorpions (D:4)
  A crimson imp (D:5)
  A centaur zombie (Ossuary)
  A quasit (D:5)
  A jelly (D:6)
  3 orc priests
  3 orc wizards (D:5)
  A human skeleton (D:5)
  3 human zombies
  Ijyb (D:3)
  An iguana (D:4)
  2 worker ants
  3 big kobold zombies (Ossuary)
  2 mummies (Ossuary)
  4 gnolls (D:4)
  6 adders
  An ooze (D:3)
  An adder skeleton (D:4)
  3 worms
  2 dart slugs
  3 leopard geckos
  24 orcs
  3 giant cockroaches (D:4)
  4 hobgoblins
  7 jackals
  11 kobolds
  2 quokkas
  2 ball pythons
  6 bats
  5 frilled lizards
  6 goblins
  8 hobgoblin zombies (Ossuary)
  13 kobold zombies (Ossuary)
  3 orc skeletons (D:5)
  6 orc zombies (Ossuary)
  10 rats
  4 rat zombies (Ossuary)
169 creatures vanquished.

Vanquished Creatures (others)
  A leopard gecko (D:5)
1 creature vanquished.

Grand Total: 170 creatures vanquished

Notes
Turn   | Place    | Note
-------+----------+-------------------------------------------
     0 | D:1      | NTAmi the Draconian Ice Elementalist began the quest for the Orb.
     0 | D:1      | Reached XP level 1. HP: 14/14 MP: 3/3
   178 | D:1      | Reached XP level 2. HP: 20/20 MP: 3/5
   440 | D:1      | Learned a level 2 spell: Throw Frost
   592 | D:2      | Found a white marble altar of Elyvilon.
   624 | D:2      | Found a radiant altar of Vehumet.
   626 | D:2      | Found a deep blue altar of Sif Muna.
   630 | D:2      | Found a sacrificial altar of Ru.
   637 | D:2      | Became a worshipper of Sif Muna the Loreminder
   658 | D:2      | Reached XP level 3. HP: 26/26 MP: 2/6
  1215 | D:2      | Reached XP level 4. HP: 16/34 MP: 3/8
  1731 | D:3      | Found a burning altar of Makhleb.
  1734 | D:3      | Noticed a blizzard demon
  1735 | D:3      | Found a glowing silver altar of Zin.
  1736 | D:3      | Noticed an angel
  1799 | D:3      | Found a glowing golden altar of the Shining One.
  2019 | D:3      | Noticed Ijyb
  2033 | D:3      | Learned a level 3 spell: Ozocubu's Armour
  2089 | D:4      | Reached skill level 1 in Fighting
  2089 | D:4      | Reached skill level 1 in Maces & Flails
  2345 | D:3      | Reached XP level 5. HP: 29/40 MP: 9/9
  2354 | D:3      | Reached * piety under Sif Muna
  2647 | D:3      | Noticed Grinder
  2719 | D:3      | Killed Ijyb
  2873 | D:3      | Paralysed by Grinder for 3 turns
  2887 | D:3      | Killed Grinder
  2887 | D:3      | Reached skill level 1 in Charms
  2887 | D:3      | Reached skill level 4 in Ice Magic
  2887 | D:3      | Reached XP level 6. HP: 31/48 MP: 4/11
  2988 | D:4      | Found a hide-covered altar of Uskayaw.
  3002 | D:4      | Reached skill level 1 in Short Blades
  3169 | D:4      | Your scales start taking on a golden yellow colour.
  3169 | D:4      | Reached XP level 7. HP: 27/55 MP: 9/13
  3299 | D:5      | Entered Level 5 of the Dungeon
  3355 | D:5      | Found Ymopimpe's Jewellery Shoppe.
  3387 | D:5      | Reached skill level 1 in Invocations
  3404 | D:5      | Found a sand-covered staircase.
  3434 | D:5      | Reached skill level 1 in Unarmed Combat
  3438 | Ossuary  | Entered an ossuary
  3740 | Ossuary  | Reached ** piety under Sif Muna
  3782 | Ossuary  | Reached skill level 1 in Slings
  4082 | Ossuary  | Reached skill level 1 in Long Blades
  4178 | D:5      | Noticed Duvessa
  4190 | D:5      | Noticed Dowan
  4203 | D:5      | Killed Dowan
  4221 | D:5      | Killed Duvessa
  4221 | D:5      | Reached XP level 8. HP: 35/61 MP: 0/14
  4231 | D:5      | Found a blossoming altar of Fedhas.
  4388 | D:5      | Reached skill level 1 in Throwing
  4541 | D:5      | Reached skill level 5 in Ice Magic
  4638 | D:5      | Noticed Prince Ribbit
  4648 | D:5      | Killed Prince Ribbit
  5335 | D:4      | Learned a level 2 spell: Blink
  5339 | D:4      | Learned a level 3 spell: Conjure Flame
  5342 | D:4      | Learned a level 2 spell: Call Imp
  5475 | D:6      | Reached XP level 9. HP: 61/68 MP: 13/16
  5513 | D:7      | Noticed a cyan ugly thing
  5527 | D:6      | HP: 1/68 [cyan ugly thing (13)]
  5533 | D:6      | HP: 1/68 [cyan ugly thing (10)]
  5533 | D:6      | Demolished by a cyan ugly thing

Skill      XL: |  1  2  3  4  5  6  7  8 |
---------------+-------------------------+-----
Dodging        | 2 3 4 |  4.0
Stealth        | 2 3 |  3.0
Spellcasting   | 3 4 |  4.8
Fighting       | 1 2 |  2.5
Maces & Flails | 1 |  1.6
Charms         | 1 |  1.4
Ice Magic      | 4 5 |  5.4
Short Blades   | 1 |  1.6
Invocations    | 2 3 |  3.0
Unarmed Combat | 1 3 |  3.0
Slings         | 2 |  2.1
Long Blades    | 1 2 |  2.1
Conjurations   | 2 3 |  3.0
Throwing       | 2 |  2.1

Action                   |  1- 3 |  4- 6 |  7- 9 || total
-------------------------+-------+-------+-------++-------
Melee: Dagger            |     5 |       |       ||     5
       Unarmed           |     2 |       |       ||     2
       Tailslap          |     2 |    11 |    26 ||    39
       Short sword       |    10 |       |       ||    10
       Whip              |    31 |    97 |    58 ||   186
       Falchion          |       |       |   159 ||   159
       Punch             |       |       |     1 ||     1
 Fire: Hunting sling     |       |       |   101 ||   101
Throw: Stone             |    14 |     4 |    12 ||    30
       Tomahawk          |       |       |    18 ||    18
 Cast: Freeze            |    28 |    33 |    57 ||   118
       Throw Frost       |     7 |    14 |    16 ||    37
       Ozocubu's Armour  |       |     4 |    15 ||    19
 Abil: Spit Acid         |       |       |    11 ||    11
  Use: Scroll            |     4 |     7 |     6 ||    17
       Potion            |       |     8 |     6 ||    14
 Stab: Sleeping          |     4 |     3 |     4 ||    11
       Distracted        |       |       |     1 ||     1
  Eat: Chunk             |     2 |     7 |     8 ||    17
       Fruit             |       |       |     3 ||     3
       Royal jelly       |       |       |     1 ||     1
Armor: Skin              |    24 |    46 |   127 ||   197
Dodge: Dodged            |    31 |    81 |   196 ||   308
       Rpst.: Falchion   |       |       |    35 ||    35
